 Dungeon Crawl Stone Soup version 0.18-a0-1308-g45b86c9 (webtiles) character file.

5902 KaeM the Thaumaturge (level 10, -13/59 HPs)
             Began as a Gargoyle Earth Elementalist on Feb 13, 2016.
             Was a Follower of Vehumet.
             Mangled by a spiny frog (20 damage)
             ... on level 9 of the Dungeon.
             The game lasted 00:56:06 (14241 turns).

KaeM the Thaumaturge (Gargoyle Earth Elementalist) Turns: 14241, Time: 00:56:06

Health: -13/59     AC: 12    Str: 12    XL:     10   Next: 82%
Magic:  20/22      EV: 13    Int: 21    God:    Vehumet [*.....]
Gold:   374        SH:  0    Dex: 10    Spells: 4 memorised, 16 levels left

rFire  . . .     SeeInvis .     w - +2 short sword of the First Wishes {freeze, Int+2}
rCold  . . .     Gourm    .     a - +0 robe
rNeg   + . .     Faith    .     (no shield)
rPois  ∞         Spirit   .     q - +0 helmet
rElec  +         Dismiss  .     (no cloak)
rCorr  +         Reflect  .     o - +1 pair of gloves
SustAt .         Harm     .     (no boots)
MR     .....                    (no amulet)
Stlth  +.........               y - ring of loudness (curse)
                                e - ring of resist corrosion

@: about to teleport, not resistant to hostile enchantments, very unstealthy
A: negative energy resistance 1, electricity resistance, unbreathing,
petrification resistance, rot immunity, AC +7
a: Renounce Religion


You were on level 9 of the Dungeon.
You worshipped Vehumet.
Vehumet was aware of your devotion.
You were hungry.

You visited 3 branches of the dungeon, and saw 11 of its levels.

You collected 419 gold pieces.
You spent 45 gold pieces at shops.

Inventory:

Hand Weapons
 g - a +3 whip of draining
 k - a cursed -2 spear
 l - a +0 mace
 t - a +0 morningstar
 u - a +0 whip of venom
 w - the +2 short sword of the First Wishes (weapon) {freeze, Int+2}
   (You found it on level 4 of the Dungeon)

   It has been specially enchanted to freeze those struck by it, causing extra
   injury to most foes and up to half again as much damage against particularly
   susceptible opponents.
   It can also slow down cold-blooded creatures.
   It affects your intelligence (+2).
 H - a +0 falchion of slicing
Missiles
 b - 180 stones (quivered)
 p - 10 javelins
Armour
 a - a +0 robe (worn)
 o - a +1 pair of gloves (worn)
 q - a +0 helmet (worn)
Jewellery
 e - a ring of resist corrosion (left hand)
 i - an uncursed ring of protection from cold
 y - a cursed ring of loudness (right hand)
Wands
 r - a wand of teleportation (7/9)
 v - a wand of teleportation (5/9)
 A - a wand of digging (12/24)
Scrolls
 n - a scroll of fog
 x - a scroll of amnesia
 z - 2 scrolls of teleportation
 B - a scroll of identify
Potions
 f - 2 potions of heal wounds
 h - a potion of curing
 j - 4 potions of invisibility
 s - 3 potions of agility
 C - a potion of might
 G - a potion of flight
Books
 c - a book of Geomancy

   Spells                             Type                      Level
   a - Sandblast                      Earth                        1
   b - Passwall                       Transmutation/Earth          2
   c - Stone Arrow                    Conjuration/Earth            3
   d - Petrify                        Transmutation/Earth          4
   e - Lee's Rapid Deconstruction     Earth                        5
Comestibles
 d - 9 bread rations
 m - 9 meat rations
 D - 7 slices of pizza
 E - a beef jerky


   Skills:
 + Level 5.1 Fighting
 + Level 4.6 Maces & Flails
 + Level 5.1 Armour
 + Level 4.1 Dodging
 - Level 2.1 Stealth
 * Level 8.8 Spellcasting
 + Level 6.3 Conjurations
   Level 0.7 Transmutations
 + Level 8.5 Earth Magic


You had 16 spell levels left.
You knew the following spells:

 Your Spells              Type           Power        Failure   Level  Hunger
a - Sandblast             Erth           #####.       1%          1    None
b - Stone Arrow           Conj/Erth      #####.       1%          3    None
c - Lee's Rapid Deconstr  Erth           #####.....   8%          5    #####..
d - Magic Dart            Conj           ####         1%          1    None


Dungeon Overview and Level Annotations

Branches:
Dungeon (9/15)             Temple (1/1) D:5            Lair (1/8) D:9
    Orc: D:9-12

Altars:
Ashenzari
Cheibriados
Dithmenos
Elyvilon
Fedhas
Gozag
Kikubaaqudgha
Makhleb
Nemelex Xobeh
Okawaru
Pakellas
Qazlal
Ru
Sif Muna
Trog
Vehumet
Xom
Yredelemnul
Zin
The Shining One

Shops:
D:4 :   D:6 !


Innate Abilities, Weirdness & Mutations

You are resistant to torment.
Your stone body is resilient (AC +7).
You are immune to poison.
You resist negative energy.
You are resistant to electric shocks.
You can survive without breathing.
You are immune to petrification.
You are immune to rotting.


Message History

Found two stone staircases leading down.
There is a staircase back to the Dungeon here.
There is a staircase back to the Dungeon here.
Casting: Stone Arrow
Confirm with . or Enter, or press ? or * to list all spells.
Aiming: Stone Arrow
Press: ? - help, Shift-Dir - straight line, f - spiny frog
Aim: a spiny frog The stone arrow hits the spiny frog.
The spiny frog is lightly wounded.
The spiny frog stings you! The spiny frog stings you!!
You climb upwards.
Welcome back to the Dungeon!
There is a staircase to the Lair here.
Read which item? (? for menu, Esc to quit)
As you read the scroll of teleportation, it crumbles to dust.
You feel strangely unstable. The spiny frog barely misses you.
The spiny frog stings you!!
* * * LOW HITPOINT WARNING * * *
The spiny frog stings you!!
You die...

##...###....#.....
##PP...###.........
#PP.....##...######
#PPP....##...#
#PPPP....#...#
#PPP.P.......#
#PP.PP....####
#PP..PP..##
#P@F.PPP.#
#P..PPP.##


#PPPPPP.# ##PPPPP## ####### You could see a spiny frog.

Vanquished Creatures
  Erica (D:8)
  A komodo dragon (D:9)
  2 trolls (D:9)
  A yak (D:7)
  A human (D:7)
  A hog (D:7)
  2 hippogriffs (D:8)
  A hungry ghost (D:8)
  Duvessa (D:4)
  3 orc warriors
  A sky beast (D:8)
  A black bear (D:8)
  An ice beast (D:8)
  8 ogres
  2 centaurs
  A big kobold (D:9)
  7 giant frogs
  3 scorpions
  Dowan (D:4)
  7 killer bees
  3 crimson imps
  2 orc priests
  2 centaur skeletons (D:4)
  5 jellies
  4 orc wizards
  5 hounds
  A giant frog skeleton (D:9)
  2 iguanas
  Ijyb (D:3)
  4 worker ants
  2 sheep (D:7)
  2 hound skeletons
  2 worker ant zombies (D:5)
  Robin (D:3)
  7 gnolls
  12 adders
  A shadow imp (D:7)
  2 oozes
  An adder zombie (D:5)
  An adder skeleton (D:6)
  3 worms
  2 giant geckos (D:1)
  27 orcs
  2 ball pythons
  10 giant cockroaches
  11 goblins
  16 hobgoblins
  7 jackals
  16 kobolds
  5 quokkas
  14 bats
  A giant gecko zombie (D:8)
  4 giant newts
  3 rats
227 creatures vanquished.

Vanquished Creatures (others)
  A two-headed ogre (D:8)
  An orc warrior (D:8)
  A black bear (D:8)
  A giant frog (D:8)
  An orc wizard (D:8)
  An adder (D:8)
  A giant cockroach (D:8)
  A plant (D:9)
8 creatures vanquished.

Grand Total: 235 creatures vanquished

Notes
Turn   | Place    | Note
--------------------------------------------------------------
     0 | D:1      | KaeM the Gargoyle Earth Elementalist began the quest for the Orb.
     0 | D:1      | Reached XP level 1. HP: 10/10 MP: 3/3
   400 | D:1      | Reached XP level 2. HP: 15/15 MP: 2/5
  1175 | D:1      | Reached XP level 3. HP: 19/19 MP: 5/7
  1180 | D:1      | Learned a level 3 spell: Stone Arrow
  1215 | D:1      | Reached skill level 4 in Earth Magic
  1957 | D:2      | Reached skill level 1 in Conjurations
  1957 | D:2      | Reached XP level 4. HP: 21/24 MP: 8/8
  2577 | D:3      | Noticed Ijyb
  2583 | D:3      | Killed Ijyb
  2656 | D:3      | Reached XP level 5. HP: 28/28 MP: 5/10
  2930 | D:3      | Noticed Robin
  2937 | D:3      | Killed Robin
  3176 | D:3      | Found a basalt altar of Yredelemnul.
  3200 | D:3      | Learned a level 5 spell: Lee's Rapid Deconstruction
  3808 | D:3      | Found a burning altar of Makhleb.
  3822 | D:3      | Reached skill level 5 in Earth Magic
  3822 | D:3      | Reached XP level 6. HP: 22/32 MP: 12/12
  3965 | D:3      | Found a blossoming altar of Fedhas.
  4048 | D:4      | Noticed Dowan
  4052 | D:4      | Noticed Duvessa
  4076 | D:4      | Killed Dowan
  4382 | D:3      | Reached skill level 5 in Spellcasting
  4463 | D:4      | Reached XP level 7. HP: 36/36 MP: 9/14
  4702 | D:4      | Got a twisted short sword
  4722 | D:3      | Identified the cursed +2 short sword of the First Wishes {freeze, Int+2} (You found it on level 4 of the Dungeon)
  4873 | D:4      | Killed Duvessa
  5087 | D:4      | Reached skill level 6 in Earth Magic
  5190 | D:4      | Found Gadag's Book Emporium.
  5373 | D:5      | Entered Level 5 of the Dungeon
  5677 | D:5      | Reached XP level 8. HP: 41/41 MP: 7/17
  5905 | D:5      | Found a staircase to the Ecumenical Temple.
  6053 | D:6      | Reached skill level 1 in Fighting
  6053 | D:6      | Reached skill level 1 in Maces & Flails
  6491 | D:6      | Found an oddly glowing altar of Pakellas.
  6491 | D:6      | Noticed a four-headed hydra
  6582 | Temple   | Entered the Ecumenical Temple
  6598 | Temple   | Became a worshipper of Vehumet
  6925 | D:6      | Found Gaupomn's Distillery.
  6935 | D:6      | Bought a potion of degeneration for 13 gold pieces
  6935 | D:6      | Bought a potion of mutation for 32 gold pieces
  7233 | D:6      | Found a shadowy altar of Dithmenos.
  7329 | D:6      | Reached skill level 1 in Armour
  7564 | D:6      | Reached skill level 7 in Earth Magic
  8412 | D:6      | Reached XP level 9. HP: 44/48 MP: 19/19
  8644 | D:7      | Reached skill level 5 in Conjurations
  9822 | D:8      | Killed a two-headed ogre
 10002 | D:8      | Noticed Erica
 10181 | D:8      | Killed Erica
 10181 | D:8      | Reached XP level 10. HP: 24/56 MP: 5/21
 10371 | D:7      | Reached skill level 8 in Spellcasting
 10802 | D:8      | Found a shimmering altar of Xom.
 10883 | D:8      | Reached * piety under Vehumet
 10883 | D:8      | Offered knowledge of Magic Dart by Vehumet.
 10886 | D:8      | Learned a level 1 spell: Magic Dart
 10939 | D:8      | Found a shattered altar of Ashenzari.
 12475 | D:9      | Found a sacrificial altar of Ru.
 12475 | D:9      | Found an iron altar of Okawaru.
 13145 | D:9      | Reached skill level 5 in Armour
 13591 | D:9      | Found a staircase to the Lair.
 13608 | D:9      | Reached skill level 5 in Fighting
 14232 | Lair:1   | Entered Level 1 of the Lair of Beasts
 14232 | Lair:1   | Noticed a spiny frog
 14241 | D:9      | Mangled by a spiny frog

Vault maps used:
D:1:      dpeg_arrival_rhombus, supply_closet_lemuel, corexii_corridor_pit
D:3:      overflow_temple_1_default, fedhas_altar_4, bloody_makhleb, uniq_iyjb,
          uniq_robin
D:4:      serial_shops, shop, uniq_duvessa
D:5:      minmay_temple_entry_from_below_b, first_bread
D:6:      lemuel_doored_altar, gammafunk_pakellas_cloud_experiment,
          serial_shops, nicolae_shop_statue_plus
D:7:      grunt_livestock, kennysheep_nub
D:8:      xom_confusion_cloud, lemuel_round_altar, uniq_erica
D:9:      gammafunk_temple_overflow_pools, david_lair_shrubbed
Temple:   triangle_lava_temple_11
Lair:1:   ldierk_geyser, serial_bayou_shore_b, infiniplex_staircase_pool_2,
          serial_bayou_shore_a

Action                   |  1- 3 |  4- 6 |  7- 9 | 10-12 || total
-------------------------+-------+-------+-------+-------++-------
Melee: Club              |    17 |       |       |       ||    17
       Whip              |    87 |    53 |       |       ||   140
       Short sword       |       |       |   246 |   106 ||   352
Throw: Javelin           |       |     3 |     6 |       ||     9
 Cast: Sandblast         |    14 |    74 |    14 |       ||   102
       Stone Arrow       |       |       |    69 |    85 ||   154
       Lee's Rapid Decon |       |       |       |     5 ||     5
  Use: Scroll            |       |     5 |     7 |     7 ||    19
       Potion            |       |       |     3 |       ||     3
 Stab: Sleeping          |       |       |     2 |       ||     2
  Eat: Chunk             |     3 |     7 |    14 |    10 ||    34
       Fruit             |       |     2 |       |       ||     2
       Meat ration       |       |       |     1 |       ||     1
       Royal jelly       |       |       |       |     1 ||     1
       Beef jerky        |       |       |       |     1 ||     1
